 Dungeon Crawl Stone Soup version 0.24.0-125-gc4c63601f3 (webtiles) character file.

Game seed: 11622044673940702963, levelgen mode: deterministic

130 straycat the Ducker (level 4, -4/35 HPs)
             Began as a Vampire Gladiator on Mar 10, 2020.
             Slain by a gnoll
             ... wielding a +0 flail
              (10 damage)
             ... on level 2 of the Dungeon.
             The game lasted 00:07:39 (1481 turns).

straycat the Ducker (Vampire Gladiator)             Turns: 1481, Time: 00:07:39

Health: -4/35      AC:  5    Str: 14    XL:     4   Next: 89%
Magic:  0/4        EV: 14    Int: 10    God:
Gold:   113        SH:  0    Dex: 15    Spells: 3/3 levels left

rFire    . . .     SeeInvis +     - Unarmed
rCold    . . .     Gourm    .   (no shield)
rNeg     . . .     Faith    .   a - +0 leather armour
rPois    .         Spirit   +   b - +0 helmet
rElec    .         Reflect  .   (no cloak)
rCorr    .         Harm     .   e - +0 pair of gloves
MR       .....                  (no boots)
Stlth    ++........             j - amulet of guardian spirit
HPRegen  0.31/turn              (no ring)
MPRegen  0.09/turn              (no ring)

@: regenerating quickly
A: no food, fangs 3, see invisible, unbreathing
a: Exsanguinate


You were on level 2 of the Dungeon.
You were alive.

You visited 1 branch of the dungeon, and saw 2 of its levels.

You collected 113 gold pieces.

Inventory:

Missiles
 c - 3 throwing nets
 d - 15 poisoned darts
 f - 3 boomerangs (quivered)
 i - 34 arrows
Armour
 a - a +0 leather armour (worn)
 b - a +0 helmet (worn)
 e - a +0 pair of gloves (worn)
Jewellery
 j - an amulet of guardian spirit (around neck)
Scrolls
 g - a scroll of fear
 h - a scroll of identify
Potions
 k - a potion of brilliance {unknown}


   Skills:
 + Level 3.0 Fighting
 - Level 1.5 Throwing
 - Level 5.0 Dodging
 * Level 2.4 Stealth
 - Level 3.2 Unarmed Combat


You had 3 spell levels left.
You didn't know any spells.
Your spell library was empty.

Dungeon Overview and Level Annotations

Branches:
Dungeon (2/15)

Altars:


Innate Abilities, Weirdness & Mutations

You do not eat.
Your natural rate of healing is unusually fast.
You have razor-sharp teeth.
You have supernaturally acute eyesight. (SInv)
You can survive without breathing.


Message History

The gnoll is lightly wounded.
The gnoll hits you but does no damage. The gnoll barely misses you.
You hit the gnoll. You bite the gnoll.
The gnoll is severely wounded.
The gnoll hits you with a +0 spear. The gnoll misses you.
You barely miss the gnoll.
The gnoll is severely wounded.
The gnoll hits you but does no damage.
You barely miss the gnoll.
The gnoll is severely wounded.
The gnoll hits you with a +0 flail. The gnoll hits you with a +0 spear.
You hit the gnoll.
The gnoll is almost dead.
The gnoll hits you with a +0 spear. The gnoll misses you.
You closely miss the gnoll. Your bite misses the gnoll.
The gnoll is almost dead.
The gnoll hits you with a +0 spear!
* * * LOW HITPOINT WARNING * * *
The gnoll hits you with a +0 flail!
You die...

#.# #.# #.# # #.# #.# #.. .
#.####### #.. #.. #.......#
### #♣♣♣♣ #.......### ## #
#♣≈≈≈≈ #.......#.. ..
..♣≈≈PP≈
##......#.######.###.≈≈≈≈≈P≈
#......#.#!................
#......#.#@####..<..≈g≈≈≈≈≈
#........gg#..g..##.≈≈≈≈≈≈≈
#.............#.....'≈≈≈≈P≈
#..........#..#.....#.≈≈♣≈♣
#######....#..#..r..#.# ###
#....#..#.....#.#####
#....#...............
######.##.....#.##### #..
.....# #....


You could see 2 gnolls.

Vanquished Creatures
  6 gnolls
  3 adders
  An ooze (D:2)
  3 worms (D:2)
  A leopard gecko (D:2)
  2 bats
  4 giant cockroaches
  4 goblins (D:2)
  2 hobgoblins (D:2)
  3 kobolds
  7 rats
36 creatures vanquished.

Vanquished Creatures (others)
  A plant (D:2)
1 creature vanquished.

Grand Total: 37 creatures vanquished

Notes
Turn   | Place    | Note
-------+----------+-------------------------------------------
     0 | D:1      | straycat the Vampire Gladiator began the quest for the Orb.
     0 | D:1      | Reached XP level 1. HP: 16/16 MP: 1/1
    81 | D:1      | Reached XP level 2. HP: 13/22 MP: 2/2
   497 | D:2      | Reached skill level 4 in Dodging
   577 | D:1      | Reached XP level 3. HP: 22/28 MP: 3/3
   851 | D:2      | Noticed a centaur
   864 | D:2      | Reached XP level 4. HP: 24/34 MP: 4/4
  1052 | D:2      | Reached skill level 5 in Dodging
  1243 | D:2      | Reached skill level 1 in Stealth
  1481 | D:2      | Slain by a gnoll

Levels and vault maps discovered:
D:1:      mushboom_english_gardens, layout_rooms
D:2:      layout_basic, first_ration, serial_bayou_lagoon_b

Skill      XL: |  1  2  3  4 |
---------------+-------------+-----
Fighting       | 2 3 |  3.0
Dodging        | 4 5 |  5.0
Stealth        | 2 |  2.4
Throwing       | |  1.5
Unarmed Combat | |  3.2

Action                   |  1- 3 |  4- 6 || total
-------------------------+-------+-------++-------
Melee: Unarmed           |    96 |   106 ||   202
       Bite              |    10 |     9 ||    19
       Punch             |       |     1 ||     1
  Use: Scroll            |       |     2 ||     2
       Potion            |       |     1 ||     1
Armor: Leather armour    |    17 |    41 ||    58
Dodge: Dodged            |    66 |   163 ||   229
